 Dungeon Crawl Stone Soup version 0.19-a0-1670-gc28a5d9 (webtiles) character file.

74 Banto the Poker (level 4, -1/33 HPs)
             Began as a Demonspawn Gladiator on Sept 22, 2016.
             Slain by Natasha (3 damage)
             ... on level 2 of the Dungeon.
             The game lasted 00:01:41 (1245 turns).

Banto the Poker (Demonspawn Gladiator)              Turns: 1245, Time: 00:01:42

Health: -1/33      AC:  5    Str: 12 (15) XL:     4   Next: 9%
Magic:  4/4        EV: 12    Int:  8 (9)  God:
Gold:   142        SH:  0    Dex: 12 (15) Spells: 0 memorised, 3 levels left

rFire  . . .     SeeInvis .     a - +0 trident
rCold  . . .     Gourm    .     b - +0 leather armour
rNeg   . . .     Faith    .     (no shield)
rPois  .         Spirit   .     (helmet restricted)
rElec  .         Dismiss  .     (no cloak)
rCorr  .         Reflect  .     (no gloves)
MR     .....     Harm     .     (no boots)
Stlth  +.........               (no amulet)
                                (no ring)
                                (no ring)

@: no status effects
A: antennae 1, iridescent scales 1
a: no special abilities


You were on level 2 of the Dungeon.
You were not hungry.

You visited 1 branch of the dungeon, and saw 2 of its levels.

You collected 142 gold pieces.

Inventory:

Hand Weapons
 a - a +0 trident (weapon)
Armour
 b - a +0 leather armour (worn)
Scrolls
 c - a scroll of immolation {unknown}
 e - a scroll of blinking {unknown}
 i - a scroll of recharging {unknown}
 l - a scroll of enchant armour {unknown}
Comestibles
 f - a bread ration
 h - 3 fruits
 k - a royal jelly


   Skills:
 - Level 2.0 Fighting
 + Level 4.5 Polearms
 - Level 1.7 Throwing
 - Level 2.6 Dodging


You had 3 spell levels left.
You didn't know any spells.

Dungeon Overview and Level Annotations

Branches:
Dungeon (2/15)

Altars:

Annotations:
D:2 Natasha


Innate Abilities, Weirdness & Mutations

You have a pair of small antennae on your head.
You are partially covered in iridescent scales. (AC +2)


Message History

You take 7 damage, and have 1/33 hp.
MASSIVE DAMAGE!!
Throwing (i - inventory):
d - a throwing net (quivered)
Press: ? - help, Shift-Dir - straight line, f/p - Natasha
Aim: Natasha (moderately wounded)
You throw a throwing net. The throwing net barely misses Natasha.
Natasha closely misses you.
You hit Natasha but do no damage.
Natasha is moderately wounded.
Natasha barely misses you.
Attack whom?
Press: ? - help, Dir - move target cursor, f/p - Natasha
Aim: Natasha (moderately wounded)
You barely miss Natasha.
Natasha is moderately wounded.
Natasha barely misses you. x2
It was a potion of degeneration.
There was something very wrong with that liquid.
You feel weakened.
You feel dopey.
You feel clumsy. Natasha claws you.
You die...

#..#####
####
######..#
...#
#.......#
####
#######.#
#.# #.#
#########(##
........h5.#
######@##.#
#.# .# #.#
h# #.# .? .#
... .. .#
### ... .##
.. ### .#


You could see an iron imp and Natasha.

Vanquished Creatures
  Terence (D:2)
  An ooze (D:1)
  A worm (D:2)
  A dart slug (D:1)
  A leopard gecko (D:1)
  3 bats
  2 giant cockroaches
  7 goblins
  5 hobgoblins
  7 kobolds
  2 frilled lizards
  4 rats
35 creatures vanquished.

Notes
Turn   | Place    | Note
-------+----------+-------------------------------------------
     0 | D:1      | Banto the Demonspawn Gladiator began the quest for the Orb.
     0 | D:1      | Reached XP level 1. HP: 16/16 MP: 1/1
    19 | D:1      | Reached skill level 3 in Polearms
   101 | D:1      | Gained mutation: You have a pair of small antennae on your head. [demonic ancestry]
   101 | D:1      | Reached XP level 2. HP: 22/22 MP: 2/2
   566 | D:1      | Gained mutation: You are partially covered in iridescent scales. (AC +2) [demonic ancestry]
   566 | D:1      | Reached XP level 3. HP: 24/27 MP: 3/3
   805 | D:2      | Reached skill level 4 in Polearms
   904 | D:2      | Noticed Terence
   929 | D:2      | Killed Terence
   929 | D:2      | Reached XP level 4. HP: 20/33 MP: 4/4
  1229 | D:2      | Noticed Natasha
  1241 | D:2      | HP: 1/33 [Natasha (7)]
  1245 | D:2      | Slain by Natasha

Vault maps used:
D:1:      noname_arrival_rooms_in_the_neighbourhood
D:2:      lemuel_coloured_pillars_altar, tso_altar, lightli_temple_of_fire,
          serial_park_tiny_pond, uniq_natasha, uniq_terence

Skill      XL: |  1  2  3 |
---------------+----------+-----
Polearms       | 3 4 |  4.5
Fighting       | |  2.0
Throwing       | |  1.7
Dodging        | |  2.6

Action                   |  1- 3 |  4- 6 || total
-------------------------+-------+-------++-------
Melee: Trident           |   128 |    19 ||   147
Throw: Throwing net      |       |     3 ||     3
  Use: Potion            |     1 |     1 ||     2
  Eat: Chunk             |       |     1 ||     1
Armor: Leather armour    |    24 |     4 ||    28
       Skin              |     9 |       ||     9
Dodge: Dodged            |    61 |     9 ||    70

Table legend:
 A = Turns spent in this place as a percentage of turns spent in the entire game.
 B = Non-inter-level travel turns spent in this place as a percentage of non-inter-level travel turns spent in the entire game.
 C = Inter-level travel turns spent in this place as a percentage of turns spent in this place.
 D = Turns resting spent in this place as a percentage of non-inter-level travel turns spent in this place.
 E = Turns spent auto-exploring this place as a percentage of non-inter-level travel turns spent in this place.
 F = Non-inter-level travel turns spent in this place divided by the number of levels of this place that you've seen.
                   A       B       C       D       E      F
               +-------+-------+-------+-------+-------+----------------------
         Total | 100.0 | 100.0 |   0.5 |   1.2 |  13.7 | 200.5
       Dungeon | 100.0 | 100.0 |   0.5 |   1.2 |  13.7 | 200.5
               +-------+-------+-------+-------+-------+----------------------

Table legend:
 A = Kills in this place as a percentage of kills in entire the game.
 B = Kills by you in this place as a percentage of kills by you in the entire game.
 C = Kills by friends in this place as a percentage of kills by friends in the entire game.
 D = Other kills in this place as a percentage of other kills in the entire game.
 E = Experience gained in this place as a percentage of experience gained in the entire game.
 F = Experience gained in this place divided by the number of levels of this place that you have seen.
                   A       B       C       D       E      F
               +-------+-------+-------+-------+-------+----------------------
         Total | 100.0 | 100.0 |  -nan |  -nan | 100.0 |  53.0
       Dungeon | 100.0 | 100.0 |  -nan |  -nan | 100.0 |  53.0
               +-------+-------+-------+-------+-------+----------------------
